 Dungeon Crawl Stone Soup version 0.18-a0-1466-g2490093 (console) character file.

1220 Liam the Thaumaturge (level 8, -8/41 HPs)
             Began as a Deep Elf Conjurer on Mar 1, 2016.
             Killed from afar by Azzok's ghost (29 damage)
             ... with a bolt of negative energy
             ... on level 6 of the Dungeon.
             The game lasted 00:10:37 (5286 turns).

Liam the Thaumaturge (Deep Elf Conjurer)            Turns: 5286, Time: 00:10:37

Health: -8/41      AC:  5    Str:  5    XL:     8   Next: 23%
Magic:  7/23       EV: 12    Int: 23    God:
Gold:   314        SH:  0    Dex: 15    Spells: 3 memorised, 16 levels left

rFire  . . .     SeeInvis .     (no weapon)
rCold  . . .     Gourm    .     a - +0 robe
rNeg   . . .     Faith    .     (no shield)
rPois  .         Spirit   .     (no helmet)
rElec  .         Dismiss  .     (no cloak)
rCorr  .         Reflect  .     (no gloves)
SustAt .         Harm     .     (no boots)
MR     .....                    (no amulet)
Stlth  ++........               u - ring of wizardry
                                r - +3 ring of protection

@: drained, not resistant to hostile enchantments, unstealthy
A: no striking features
a: no special abilities


You were on level 6 of the Dungeon.
You were not hungry.

You visited 1 branch of the dungeon, and saw 7 of its levels.

You collected 314 gold pieces.

Inventory:

Armour
 a - a +0 robe (worn)
Jewellery
 r - a +3 ring of protection (left hand)
 u - a ring of wizardry (right hand)
Wands
 F - a wand of paralysis (9/24)
Scrolls
 e - 2 scrolls of recharging {unknown}
 f - 12 scrolls of identify {unknown}
 i - 3 scrolls of remove curse {unknown}
 j - 2 scrolls of noise {unknown}
 k - 4 scrolls of teleportation {unknown}
 n - 3 scrolls of fog {unknown}
 o - a scroll of immolation {unknown}
 t - 2 scrolls of amnesia {unknown}
 x - a scroll of fear {unknown}
 y - a scroll of enchant weapon {unknown}
 B - a scroll of blinking {unknown}
 C - a scroll of enchant armour {unknown}
 E - a scroll of random uselessness {unknown}
Potions
 g - a potion of beneficial mutation {unknown}
 h - a potion of heal wounds {unknown}
 l - 4 potions of curing {unknown}
 m - 2 potions of brilliance {unknown}
 q - a potion of agility {unknown}
 v - a potion of cancellation {unknown}
 w - 2 potions of invisibility {unknown}
 D - a potion of mutation {unknown}
 I - a potion of flight {unknown}
Books
 b - a book of Conjurations

   Spells                             Type                      Level
   a - Magic Dart                     Conjuration                  1
   b - Searing Ray                    Conjuration                  2
   c - Dazzling Spray                 Conjuration/Hexes            3
   d - Fulminant Prism                Conjuration/Hexes            4
   e - Iskenderun's Mystic Blast      Conjuration                  4
   f - Iskenderun's Battlesphere      Conjuration/Charms           5
 G - a Necronomicon

   Spells                             Type                      Level
   a - Haunt                          Necromancy/Summoning         7
   b - Borgnjor's Revivification      Necromancy                   8
   c - Death's Door                   Charms/Necromancy            8
   d - Necromutation                  Transmutation/Necromancy     8
 H - an Akashic Record

   Spells                             Type                      Level
   a - Dispersal                      Translocation                6
   b - Malign Gateway                 Summoning/Translocation      7
   c - Disjunction                    Translocation                8
   d - Controlled Blink               Translocation                8
Comestibles
 c - 3 bread rations
 d - 2 fruits
 p - a slice of pizza
 s - a meat ration
 z - 2 royal jellies
 A - 2 beef jerkies
 J - a chunk of flesh


   Skills:
 - Level 2.4(1.8) Dodging
 - Level 2.4(1.8) Stealth
 + Level 9.6(8.9) Spellcasting
 + Level 8.8(8.1) Conjurations


You had 16 spell levels left.
You knew the following spells:

 Your Spells              Type           Power        Failure   Level  Hunger
a - Magic Dart            Conj           ####         1%          1    None
p - Iskenderun's Battles  Conj/Chrm      ####....     16%         5    ####...
x - Iskenderun's Mystic   Conj           #####...     1%          4    ##.....


Dungeon Overview and Level Annotations

Branches:
Dungeon (7/15)
 Temple: D:4-7

Altars:
Cheibriados
Makhleb
Pakellas
Sif Muna
Xom
Zin

Shops:
D:6 [

Annotations:
D:6 Azzok's ghost, novice DrTm


Message History

Aiming: Iskenderun's Mystic Blast
Press: ? - help, Shift-Dir - straight line, f/p - ogre
Aim: an ogre, wielding a giant spiked club (heavily wounded)
The orb of energy hits the ogre.
You kill the ogre!
The orb of energy explodes!
You start resting.
An orc wizard and a player ghost come into view.
There are monsters nearby!
Unknown command.
The orc wizard moves out of view.
Azzok's ghost breathes negative energy at you.
The bolt of negative energy misses you.
The orc wizard casts a spell.
The orc wizard flickers and vanishes!
Deactivating autopickup; reactivate with Ctrl-A.
Azzok's ghost breathes negative energy at you.
The bolt of negative energy hits you!
You feel drained.
Ouch! That really hurt!
You die...

##### #...# #...#
# #...#.####
#######...#.#...
#......∩.......
#.#.###...#.#.#.#
#.#.# #.....#.#.#
#.#@# ###.......##
#.#.# #........#
#>#.# #........#
###.#####........#
#.##...........#
#W##........#####
#................
####........#### .
#........#


You could see Azzok's ghost.

Vanquished Creatures
  An ice beast (D:5)
  A phantom (D:4)
  A centaur (D:5)
  2 ogres
  A giant frog (D:6)
  A scorpion (D:4)
  2 orc priests
  9 orc wizards
  An iguana (D:4)
  4 worker ants
  A killer bee zombie (D:6)
  A hound skeleton (D:4)
  4 gnolls (D:5)
  4 adders
  2 shadow imps
  2 adder skeletons
  2 dart slugs (D:1)
  4 worms
  4 giant geckos
  16 orcs
  6 bats
  5 giant cockroaches
  11 goblins
  2 hobgoblins (D:3)
  5 jackals
  6 kobolds
  2 quokkas
  2 ball pythons
  A ball python skeleton (D:3)
  A giant gecko skeleton (D:4)
  4 giant newts
  A jackal skeleton (D:4)
  A quokka skeleton (D:4)
  A quokka zombie (D:5)
  11 rats
122 creatures vanquished.

Notes
Turn   | Place    | Note
--------------------------------------------------------------
     0 | D:1      | Liam the Deep Elf Conjurer began the quest for the Orb.
     0 | D:1      | Reached XP level 1. HP: 10/10 MP: 6/6
   295 | D:1      | Reached XP level 2. HP: 15/15 MP: 1/8
   932 | D:2      | Reached skill level 4 in Spellcasting
   932 | D:2      | Reached skill level 5 in Conjurations
   932 | D:2      | Reached XP level 3. HP: 19/19 MP: 5/10
  1832 | D:3      | Found a snail-covered altar of Cheibriados.
  1833 | D:3      | Found a burning altar of Makhleb.
  1835 | D:3      | Found a deep blue altar of Sif Muna.
  1835 | D:3      | Found an oddly glowing altar of Pakellas.
  1837 | D:3      | Found a shimmering altar of Xom.
  1841 | D:3      | Reached XP level 4. HP: 17/24 MP: 6/12
  1860 | D:3      | Found a glowing silver altar of Zin.
  2376 | D:4      | Noticed a phantom
  2543 | D:4      | Killed a phantom
  2543 | D:4      | Reached skill level 5 in Spellcasting
  2543 | D:4      | Reached XP level 5. HP: 23/28 MP: 5/15
  2775 | D:4      | Reached skill level 6 in Spellcasting
  3080 | D:4      | Reached XP level 6. HP: 32/32 MP: 9/17
  3209 | D:5      | Entered Level 5 of the Dungeon
  3215 | D:5      | Learned a level 4 spell: Iskenderun's Mystic Blast
  3221 | D:5      | Learned a level 5 spell: Iskenderun's Battlesphere
  3844 | D:5      | Noticed an ice beast
  3848 | D:5      | Killed an ice beast
  3848 | D:5      | Reached skill level 7 in Spellcasting
  3971 | D:4      | Reached XP level 7. HP: 36/36 MP: 3/20
  4210 | D:4      | Reached skill level 8 in Spellcasting
  4943 | D:5      | Reached skill level 9 in Spellcasting
  4943 | D:5      | Reached XP level 8. HP: 7/41 MP: 8/23
  5174 | D:5      | You fall through a shaft for 2 floors!
  5212 | D:6      | Found Oqiryt's Armour Boutique.
  5267 | D:6      | Noticed Azzok's ghost (novice DrTm)
  5286 | D:6      | Killed from afar by Azzok's ghost

Vault maps used:
D:1:      dpeg_arrival_orchard
D:3:      grunt_temple_overflow_open, kennysheep_generic_room_6
D:4:      minmay_opposing_rooms, first_bread, roderic_roman_lattice,
          minmay_misc_feat_ornament
D:5:      temple_green, minmay_curled_crystal, nicolae_ru_sacrificial_ziggurat,
          uniq_pikel
D:6:      lemuel_ice_spiral_2, serial_shops, shop
D:7:      kennysheep_mini, okawaru_trees_1

Skill      XL: |  1  2  3  4  5  6  7 |
---------------+----------------------+-----
Spellcasting   | 4 5 6 7 9 |  9.6
Conjurations   | 5 6 7 8 |  8.8
Dodging        | |  2.4
Stealth        | |  2.4

Action                   |  1- 3 |  4- 6 |  7- 9 || total
-------------------------+-------+-------+-------++-------
Melee: Unarmed           |       |     1 |     8 ||     9
 Cast: Magic Dart        |    90 |   141 |   119 ||   350
       Iskenderun's Batt |       |     3 |       ||     3
       Iskenderun's Myst |       |     2 |    12 ||    14
  Eat: Chunk             |     3 |     6 |     6 ||    15
